 Dungeon Crawl Stone Soup version 0.29.1-12-g30fa7ad0bf (webtiles) character file.

Game seed: 7327700861798908003

32 Radix the Vexing (level 3, -1/24 HPs)
             Began as a Barachi Enchanter on Jan 11, 2023.
             Slain by Terence
             ... wielding a +0 flail
              (8 damage)
             ... on level 2 of the Dungeon.
             The game lasted 00:07:37 (1639 turns).

Radix the Vexing (Barachi Enchanter)                Turns: 1639, Time: 00:07:38

Health: -1/24      AC:  2    Str:  9    XL:     3   Next: 27%
Magic:  6/6        EV: 12    Int: 15    God:
Gold:   104        SH:  0    Dex: 14    Spells: 6/6 levels left

rFire   . . .      SeeInvis .   a - +1 dagger
rCold   . . .      Faith    .   (no shield)
rNeg    . . .      Spirit   .   b - +0 robe
rPois   .          Reflect  .   (no helmet)
rElec   .          Harm     .   (no cloak)
rCorr   .          Rampage  .   (no gloves)
Will    .....                   (no boots)
Stlth   ++........              (no amulet)
HPRegen 0.08/turn               h - ring of wizardry
MPRegen 0.10/turn               (no ring)

@: slow
A: amphibious, slowness 1, strong legs 1, +LOS
a: Hop


You were on level 2 of the Dungeon.
You visited 1 branch of the dungeon, and saw 3 of its levels.

You collected 104 gold pieces.

Inventory:

Hand Weapons
 a - a +1 dagger (weapon)
 d - a +0 short sword
 k - a +0 long sword
Missiles
 m - 6 poisoned darts
Armour
 b - a +0 robe (worn)
Jewellery
 h - a ring of wizardry (left hand)
Scrolls
 e - a scroll of torment {unknown}
Potions
 c - 2 potions of invisibility
 f - 2 potions of curing {unknown}
 g - a potion of haste
 i - a potion of might {unknown}


   Skills:
 + Level 3.2 Short Blades
 - Level 2.1 Dodging
 + Level 2.9 Stealth
 - Level 2.1 Spellcasting
 - Level 3.2 Hexes


You had 6 spell levels left.
You didn't know any spells.
Your spell library contained the following spells:

 Spells                   Type           Power      Damage    Failure   Level
 Ensorcelled Hibernation  Hex/Ice        12%        N/A       7%          2
 Confusing Touch          Hex            11%        N/A       7%          3
 Tukima's Dance           Hex            11%        N/A       7%          3
 Necrotise                Necr           4%         1d4       9%          1
 Dazzling Flash           Conj/Hex       12%        N/A       13%         3
 Vampiric Draining        Necr           1%         2d6       26%         3
 Agony                    Necr           1%         N/A       91%         5


Dungeon Overview and Level Annotations

Branches:
Dungeon (3/15)

Altars:

Annotations:
D:2 Sigmund, Terence


Innate Abilities, Weirdness & Mutations

You are amphibious.
You cover ground slowly.
You can hop short distances.
You have an extended range of vision and can be seen from far away.


Message History

You hit the frilled lizard.
You kill the frilled lizard!
A sourceless malevolence fills the Dungeon...
You fall into a shaft and drop 1 floor!
The shaft crumbles and collapses.
Found 3 stones.
You open the door.
There is an open door here.
Found 4 stones.
Found a stone staircase leading down.
You now have 104 gold pieces (gained 13).
Found 5 stones.
Found a stone staircase leading up.
A ball python comes into view.
You hit the ball python.
You kill the ball python!
There is a stone staircase leading up here.
You climb upwards.
Level annotation: Terence
There is a stone staircase leading down here.
A ball python comes into view.
The helpless ball python fails to defend itself.
You impale the ball python!!
You kill the ball python!
Sigmund the Dreaded comes into view.
He is wielding a +0 scythe.
Sigmund is nearby!
Found a scroll of identify.
Terence shouts!
As you read the scroll labelled SIFREGRIXZO, it crumbles to dust.
It is a scroll of amnesia.
You feel forgetful for a moment. Terence barely misses you.
As you read the scroll labelled LITZEUSTIY, it crumbles to dust.
You feel aware of your surroundings.
It was a scroll of magic mapping.
Terence hits you with a +0 flail. Terence attacks as you move away!
Terence hits you with a +0 flail. Terence attacks as you move away!
Terence hits you with a +0 flail!
* * * LOW HITPOINT WARNING * * *
Found a book of Callings.
Terence hits you with a +0 flail!
You die...

.# **########.#####.# #...#
.# *,,.....*#.#####.# #...#
.#
*,,.....##.......######...#
.###
*,.?.........###...........
...#
*,....###.(#...............
##.# *,.,,,*
#.....##........... #.#
*,.:..###......#.####.#....
#.# *,.........#..##.#
#.#.... #@#
****###.##@@.....# #.#....
#.# #.......#### #.#....
#.# #######.#**** #......
#.# ###########*,.>..,,*
###...# #.#
#..........,,..###,***
#....
#@###.######...,,,.#,,,,,*
#.##. #....<#
*,,,,<,..,**#.###.##.
####### *,,,,,,#.,*
#.......>
**,,,,,*,,**#.###.##.


You could see Terence.

Vanquished Creatures
  5 ball pythons
  4 endoplasms
  2 jackals (D:1)
  3 quokkas
  7 bats
  2 frilled lizards
  A goblin (D:2)
  4 kobolds
  3 rats (D:1)
31 creatures vanquished.

Notes
Turn   | Place    | Note
-------+----------+-------------------------------------------
     0 | D:1      | Radix the Barachi Enchanter began the quest for the Orb.
     0 | D:1      | Reached XP level 1. HP: 13/13 MP: 3/3
    29 | D:1      | Found a faded altar of an unknown god.
   242 | D:1      | Reached XP level 2. HP: 13/19 MP: 5/5
   976 | D:2      | Reached XP level 3. HP: 16/24 MP: 6/6
  1158 | D:2      | Noticed Terence
  1525 | D:2      | You fall into a shaft and drop 1 floor!
  1590 | D:2      | Noticed Sigmund
  1639 | D:2      | Slain by Terence

Illustrated notes

Levels and vault maps discovered:
D:1:      wander_arrival_estate, layout_rooms, ebering_ecumenical_altar_webs,
          minmay_tetromino_o4
D:2:      layout_loops_cross, hex_tiny, minmay_misc_feat_tower, uniq_sigmund,
          uniq_terence, uniq_robin
D:3:      layout_basic, chequers_serial_rivers_micro_b

Skill      XL: |  1  2 |
---------------+-------+-----
Short Blades   | 2 3 |  3.2
Dodging        | |  2.1
Stealth        | |  2.9
Spellcasting   | |  2.1
Hexes          | |  3.2

Action                   || total
-------------------------++-------
Melee: Dagger            ||   101
 Abil: Hop               ||     1
  Use: Scroll            ||     5
       Potion            ||     1
 Stab: Sleeping          ||     8
Armor: Robe              ||    24
Dodge: Dodged            ||    79
